 Dungeon Crawl Stone Soup version 0.25-a0-610-gd0df705f03 (webtiles) character file.

Game seed: 17348498487059236830, levelgen mode: deterministic

66 ipx the Chopper (level 4, -1/26 HPs)
             Began as a Gargoyle Gladiator on Mar 16, 2020.
             Was an Initiate of Trog.
             Slain by a centaur (3 damage)
             ... on level 5 of the Dungeon.
             The game lasted 00:03:54 (316 turns).

ipx the Chopper (Gargoyle Gladiator)                 Turns: 316, Time: 00:03:54

Health: -1/26      AC:  7    Str: 18    XL:     4   Next: 15%
Magic:  4/4        EV: 12    Int:  9    God:    Trog [......]
Gold:   75         SH:  0    Dex: 11    Spells: 3/3 levels left

rFire    . . .     SeeInvis .   a - +0 war axe
rCold    . . .     Gourm    .   (no shield)
rNeg     + . .     Faith    .   b - +0 leather armour
rPois    ∞         Spirit   .   c - +0 helmet
rElec    +         Reflect  .   (no cloak)
rCorr    .         Harm     .   (no gloves)
MR       .....                  (no boots)
Stlth    +.........             (no amulet)
HPRegen  0.08/turn              (no ring)
MPRegen  0.09/turn              (no ring)

@: no status effects
A: negative energy resistance 1, electricity resistance, unbreathing,
petrification resistance, rot immunity, AC +3
a: Renounce Religion


You were on level 5 of the Dungeon.
You worshipped Trog.
Trog was noncommittal.
You were not hungry.

You visited 1 branch of the dungeon, and saw 5 of its levels.

You collected 75 gold pieces.

Inventory:

Hand Weapons
 a - a +0 war axe (weapon)
Missiles
 d - 2 throwing nets
 l - 8 boomerangs (quivered)
Armour
 b - a +0 leather armour (worn)
 c - a +0 helmet (worn)
 i - a +0 helmet
Scrolls
 e - a scroll of amnesia {unknown}
 g - 2 scrolls of identify {unknown}
 h - a scroll of fear {unknown}
 j - 2 scrolls of enchant armour {unknown}
 k - a scroll of blinking {unknown}
Comestibles
 f - 2 rations


   Skills:
 - Level 2.1 Fighting
 + Level 4.4 Axes
 - Level 1.7 Throwing
 - Level 2.4 Dodging


You had 3 spell levels left.
You didn't know any spells.
Your spell library was empty.

Dungeon Overview and Level Annotations

Branches:
Dungeon (5/15)
 Temple: D:4-7

Altars:
Ru
Trog


Innate Abilities, Weirdness & Mutations

You are resistant to torment.
Your stone body is resilient. (AC +3)
You are immune to poison.
You resist negative energy. (rN+)
You are resistant to electric shocks. (rElec)
You can survive without breathing.
You are immune to petrification.
You are immune to rotting.


Message History

The centaur is lightly wounded.
You hit the orc wizard.
The ball python hisses angrily.
The centaur hits you.
* * * LOW HITPOINT WARNING * * *
The centaur closely misses you.
The orc wizard hits you but does no damage.
You hit the centaur.
The centaur is moderately wounded.
You hit the orc wizard.
You kill the orc wizard!
Trog accepts your kill.
Trog appreciates your killing of a magic user.
You have reached level 4!
You feel clever. The centaur closely misses you. x2
You hit the centaur.
The centaur is heavily wounded.
You hit the ball python. You completely miss the quokka. The centaur hits you.
You die...

#.........#........
#..<......#.......#
#.........#.......#
#.........#.......#
+.........+...?...#
#.........#.......#
#.........#..((...##
#....)....##.##(r..#
##.#+#....(....c@####
#.< #..........#S).#
..# +..........#.†.#
# #..........#......
+...(......###._.##
#..........# .....
#..........# .#...#
#..........# #...#
##+


You could see a centaur, a quokka and a ball python (blind).

Vanquished Creatures
  An orc wizard (D:5)
  An adder (D:3)
  2 worms (D:3)
  A leopard gecko (D:3)
  3 orcs (D:3)
  2 bats (D:3)
  A giant cockroach (D:3)
  3 goblins
  A hobgoblin (D:2)
  3 frilled lizards
  2 kobolds
  A rat (D:3)
21 creatures vanquished.

Notes
Turn   | Place    | Note
-------+----------+-------------------------------------------
     0 | D:1      | ipx the Gargoyle Gladiator began the quest for the Orb.
     0 | D:1      | Reached XP level 1. HP: 12/12 MP: 1/1
     7 | D:1      | You fall into a shaft and drop 1 floor!
    96 | D:2      | Reached skill level 3 in Axes
   112 | D:3      | Found a bloodstained altar of Trog.
   132 | D:3      | Reached XP level 2. HP: 13/17 MP: 2/2
   164 | D:3      | Became a worshipper of Trog the Wrathful
   201 | D:3      | Reached XP level 3. HP: 8/21 MP: 3/3
   290 | D:5      | Entered Level 5 of the Dungeon
   297 | D:5      | Noticed a centaur
   300 | D:5      | HP: 1/21 [centaur/arrow (11)]
   303 | D:5      | Found a sacrificial altar of Ru.
   308 | D:5      | Reached skill level 4 in Axes
   314 | D:5      | HP: 1/21 [centaur (2)]
   315 | D:5      | Reached XP level 4. HP: 2/26 MP: 4/4
   316 | D:5      | Slain by a centaur

Levels and vault maps discovered:
D:1:      dpeg_arrival_more_subterranean_lakeside_camping, layout_basic
D:2:      layout_basic, grunt_temple_overflow_holy_war,
          kennysheep_generic_room_2, uniq_sigmund
D:3:      layout_rooms, bloody_trog
D:4:      layout_rooms, grunt_temple_overflow_order_and_chaos_1,
          kennysheep_little_box, first_ration, minmay_divided_ellipse,
          uniq_eustachio
D:5:      layout_basic, nicolae_ru_great_annihilating_truth, tgw_kikubaaqudgha

Skill      XL: |  1  2  3 |
---------------+----------+-----
Axes           | 3 4 |  4.4
Fighting       | |  2.1
Throwing       | |  1.7
Dodging        | |  2.4

Action                   |  1- 3 |  4- 6 || total
-------------------------+-------+-------++-------
Melee: War axe           |    57 |     1 ||    58
Throw: Throwing net      |     4 |       ||     4
       Boomerang         |     1 |       ||     1
  Use: Potion            |     2 |       ||     2
 Stab: Held in net/web   |     2 |       ||     2
       Paralysed         |     1 |       ||     1
Armor: Leather armour    |    20 |       ||    20
Dodge: Dodged            |    34 |     2 ||    36

Table legend:
 A = Non-vault XP
 B = Vault XP
 C = Vault XP percentage of total XP
 D = Non-vault monster count
 E = Vault monster count
 F = Vault count percentage of total count
                 A         B        C        D         E       F
            +---------+---------+-------+---------+---------+-------
      Total |      51 |      44 |  46.3 |      18 |       3 |  14.3
            +---------+---------+-------+---------+---------+-------
        D:2 |       6 |       0 |   0.0 |       4 |       0 |   0.0
        D:3 |      45 |       0 |   0.0 |      14 |       0 |   0.0
        D:5 |       0 |      44 | 100.0 |       0 |       3 | 100.0
            +---------+---------+-------+---------+---------+-------
